 Dungeon Crawl Stone Soup version 0.31-a0-986-g5e6e4ef867 (webtiles) character file.

Game seed: 9759710918030142194

1414 billz999 the Jester (level 8, -6/19 HPs)
             Began as a Demonspawn Fighter on Nov 6, 2023.
             Was a Follower of Nemelex Xobeh.
             Mangled by an ice beast (13 damage)
             ... on level 6 of the Dungeon.
             The game lasted 00:06:08 (4871 turns).

billz999 the Jester (Demonspawn Fighter)            Turns: 4871, Time: 00:06:09

Health: -6/19      AC: 10    Str: 19    XL:     8   Next: 43%
Magic:  13/13      EV:  9    Int:  9    God:    Nemelex Xobeh [*.....]
Gold:   409        SH:  0    Dex: 19    Spells: 7/7 levels left

rFire   . . .        E - melded +0 demon whip (venom)
rCold   . . .        c - melded +0 buckler
rNeg    . . .        g - +0 scale mail
rPois   .            (no helmet)
rElec   .            (no cloak)
rCorr   .            t - +0 pair of gloves
SInv    .            (no boots)
Will    .....        h - amulet of magic regeneration Stlth
                     i - +6 ring of dexterity
HPRegen 0.23/turn    (no ring)
MPRegen 0.53/turn

%: no passive effects
@: mighty, flux-form, glowing
A: glow, contaminating, reduced hp, molten scales 2, powered by death 2, powered
by pain 1
a: Begin Untransformation, Renounce Religion, Draw Escape, Draw Destruction,
Draw Summoning


You were on level 6 of the Dungeon.
You worshipped Nemelex Xobeh.
Nemelex Xobeh was aware of your devotion.
You were something dangerously unstable.
You visited 1 branch of the dungeon, and saw 6 of its levels.

You collected 409 gold pieces.

Inventory:

Hand Weapons
 a - a +0 war axe
 E - a +0 demon whip of venom (melded)
Armour
 b - a +0 scale mail
 c - a +0 buckler (melded)
 g - a +0 scale mail (worn)
 t - a +0 pair of gloves (worn)
Jewellery
 e - a ring of flight
 h - an amulet of magic regeneration (around neck)
 i - a +6 ring of dexterity (left hand)
 m - the ring "Hailiz" {rPois rF+ MP+9 Str+3 Stlth+}
   (You found it on level 2 of the Dungeon)

   [ring of poison resistance]

   Str+3:     It affects your strength (+3).
   rF+:       It protects you from fire.
   rPois:     It protects you from poison MP+9: It affects your magic capacity
   (+9).
   Stlth+:    It makes you more stealthy.
 B - a ring of magical power
 C - a ring of ice
 D - a ring of protection from fire
Talismans
 y - a flux talisman (active)
Wands
 z - a wand of roots (22)
 A - a wand of charming (7)
Scrolls
 d - 2 scrolls of identify
 j - 6 scrolls of teleportation
 k - 2 scrolls of enchant armour
 l - 4 scrolls of amnesia
 n - a scroll of immolation
 o - a scroll of vulnerability
Potions
 f - a potion of lignification
 p - a potion of cancellation {unknown}
 q - a potion of curing {unknown}
 r - 4 potions of haste {unknown}
 s - a potion of invisibility {unknown}
 u - a potion of might
 v - a potion of resistance {unknown}
 w - a potion of degeneration {unknown}


   Skills:
 + Level 5.8 Fighting
 - Level 4.2(5.3) Axes
 * Level 4.9(5.7) Maces & Flails
 - Level 2.6 Armour
 - Level 2.6 Shields
 * Level 7.5 Invocations


You had 7 spell levels left.
You didn't know any spells.
Your spell library contained the following spells:

 Spells                   Type           Power      Damage    Failure   Level
 Sandblast                Erth           0%         2d4       77%         1
 Passwall                 Tmut/Erth      0%         N/A       88%         2
 Sublimation of Blood     Necr           0%         N/A       88%         2
 Wereblood                Tmut           0%         N/A       88%         2
 Ignite Poison            Fire/Tmut/Pois 0%         N/A       98%         3
 Stone Arrow              Conj/Erth      0%         3d7       98%         3
 Brom's Barrelling Bould  Conj/Erth      0%         2d3       100%        4
 Sticky Flame             Conj/Fire      0%         2d3       100%        4
 Irradiate                Conj/Tmut      0%         3d11      100%        5
 Iskenderun's Battlesphe  Conj           0%         2d6       100%        5
 Bombard                  Conj/Erth      0%         9d1       100%        6
 Spellforged Servitor     Conj/Summ      0%         N/A       100%        7
 Summon Hydra             Summ           0%         N/A       100%        7
 Ignition                 Fire           0%         3d3       100%        8


Dungeon Overview and Level Annotations

Branches:
Dungeon (6/15)             Temple (0/1) D:5

Altars:
Ashenzari
Nemelex Xobeh
Vehumet
Wu Jian
Yredelemnul

Shops:
D:3 :

Annotations:
D:3 1 runed translucent door, Crazy Yiuf


Innate Abilities, Weirdness & Mutations

You are something dangerously unstable.
You glow with magical radiation, making you easy to see and hit.
Foes you strike become dangerously contaminated with magical radiation.
Your maximum health is decreased, since you lack skill for your form.
You are incapable of wielding weapons or throwing items.
You are mostly covered in molten scales. (AC +3)
You regenerate health from kills.
You sometimes gain a little power by taking damage.


Message History

Found a ring mail.
u - a potion of might
Found a scale mail.
There is a stone staircase leading down here.
You now have 409 gold pieces (gained 14).
Found 2 atropa-tipped darts.
You see here 2 atropa-tipped darts.
l - 4 scrolls of amnesia (gained 1)
You open the door.
Found a stone staircase leading down.
There is an open door here.
There is an open door here.
You open the door.
There is an open door here.
An ice beast comes into view.
An ice beast is nearby!
You barely miss the ice beast. The ice beast barely misses you.
You hit the ice beast but do no damage.
The ice beast begins to glow.
The ice beast hits you but does no damage.
You barely miss the ice beast. The ice beast hits you.
The ice beast freezes you!
Ouch! That really hurt!
You focus on the pain.
You feel very mighty all of a sudden.
You are too injured to fight recklessly!
You are too injured to fight recklessly!
Unknown command.
There is an open door here.
The ice beast attacks as it pursues you!
The ice beast hits you but does no damage.
Okay, then.
You punch the ice beast!
The ice beast glows dangerously bright.
The ice beast is moderately wounded.
The ice beast hits you but does no damage.
You barely miss the ice beast.
The ice beast is moderately wounded.
The ice beast hits you. The ice beast freezes you!
Ouch! That really hurt!
You die...
Your body disappears without additional glow.

#.. #... #...###
...####### # #...###
#......# ..###...#
#......# ....###.#
#......# ......#'#
#......#
#......####......#
###....Y.##......#
###..#p..#'#####
##########...#.....#
#............+.....#
######.......#.....#
#.......#....>#
#.......#.....#
#.......#.....#
#.......#....##
#...(...######


You could see an ice beast (heavy contam).

Vanquished Creatures
  5 yaks (D:5)
  Menkaure (D:5)
  An ice beast (D:5)
  2 ogres (D:6)
  A scorpion (D:4)
  A howler monkey (D:5)
  2 iguanas (D:5)
  Jessica (D:3)
  5 adders
  A white imp (D:5)
  3 worms
  3 dart slugs
  10 orcs
  4 ball pythons (D:1)
  2 endoplasms
  2 giant cockroaches
  5 goblins
  6 hobgoblins
  11 jackals
  3 quokkas
  10 bats
  6 kobolds
  3 rats
88 creatures vanquished.

Notes
Turn   | Place    | Note
-------+----------+-------------------------------------------
     0 | D:1      | billz999 the Demonspawn Fighter began the quest for the
                  | Orb.
     0 | D:1      | Reached XP level 1. HP: 18/18 MP: 1/1
    90 | D:1      | Gained mutation: You are partially covered in molten
                  | scales. (AC +2) [demonic ancestry]
    90 | D:1      | Reached XP level 2. HP: 24/24 MP: 2/2
   431 | D:1      | Found a faded altar of an unknown god.
   610 | D:1      | Reached XP level 3. HP: 29/29 MP: 3/3
   923 | D:2      | Identified the ring "Hailiz" {rPois rF+ MP+9 Str+3 Stlth+}
  1796 | D:3      | Gained mutation: You are mostly covered in molten scales.
                  | (AC +3) [demonic ancestry]
  1796 | D:3      | Reached XP level 4. HP: 37/37 MP: 4/4
  1910 | D:3      | Found a basalt altar of Yredelemnul.
  2151 | D:3      | Found Cufeqorph's Book Boutique.
  2152 | D:3      | Noticed Jessica
  2172 | D:3      | Killed Jessica
  2292 | D:3      | Found a runed translucent door.
  2293 | D:3      | Noticed Crazy Yiuf
  2830 | D:4      | Found a sparkling altar of Nemelex Xobeh.
  2883 | D:4      | Became a worshipper of Nemelex Xobeh the Trickster
  3157 | D:4      | Found a broken altar of Ashenzari.
  3314 | D:4      | Reached * piety under Nemelex Xobeh
  3340 | D:4      | Noticed a scorpion
  3349 | D:4      | Killed a scorpion
  3350 | D:4      | Reached skill level 1 in Invocations
  3350 | D:4      | Gained mutation: You regenerate a little health from kills.
                  | [demonic ancestry]
  3350 | D:4      | Reached XP level 5. HP: 42/42 MP: 4/6
  3438 | D:5      | Entered Level 5 of the Dungeon
  3542 | D:5      | Reached skill level 2 in Invocations
  3550 | D:5      | Reached skill level 1 in Maces & Flails
  3564 | D:5      | Noticed a yak
  3564 | D:5      | Noticed a yak
  3565 | D:5      | Noticed a yak
  3577 | D:5      | Noticed an ice beast
  3591 | D:5      | Noticed a yak
  3592 | D:5      | Noticed a yak
  3594 | D:5      | Killed an ice beast
  3595 | D:5      | Reached skill level 3 in Invocations
  3595 | D:5      | Reached XP level 6. HP: 48/49 MP: 6/8
  3609 | D:5      | Killed a yak
  3610 | D:5      | Reached skill level 4 in Invocations
  3613 | D:5      | Killed a yak
  3614 | D:5      | Reached skill level 5 in Invocations
  3614 | D:5      | Gained mutation: You sometimes gain a little power by
                  | taking damage. [demonic ancestry]
  3614 | D:5      | Reached XP level 7. HP: 55/55 MP: 10/10
  3619 | D:5      | Killed a yak
  3620 | D:5      | Reached skill level 5 in Fighting
  3622 | D:5      | Killed a yak
  3623 | D:5      | Reached skill level 6 in Invocations
  3627 | D:5      | Killed a yak
  3628 | D:5      | Gained mutation: You regenerate health from kills. [demonic
                  | ancestry]
  3628 | D:5      | Reached XP level 8. HP: 42/63 MP: 12/12
  3738 | D:5      | Found an ornate altar of the Wu Jian Council.
  3817 | D:5      | Found a staircase to the Ecumenical Temple.
  3854 | D:5      | Noticed Menkaure
  3861 | D:5      | Killed Menkaure
  3866 | D:5      | Reached skill level 7 in Invocations
  4053 | D:5      | Found a radiant altar of Vehumet.
  4780 | D:6      | Received a gift from Nemelex Xobeh
  4871 | D:6      | Mangled by an ice beast

Illustrated notes

Levels and vault maps discovered:
D:1:      dpeg_arrival_round_b, layout_rooms, hellmonk_ecumenical_altar_zigzags,
          hex_intersection, nrook_mini_backslash, minmay_misc_feat_diagonals,
          chequers_serial_rivers_small_3, nicolae_figureground_pulse
D:2:      layout_loops_corners, minmay_split_cup_large
D:3:      layout_loops_ring, overflow_temple_1_default, serial_shops,
          nicolae_shop_hallway_plus, nicolae_concentric_dashed_squares_mild,
          hangedman_decor_slide_cut, uniq_crazy_yiuf_cottage, uniq_jessica
D:4:      layout_basic, nemelex_altar_shiori, overflow_temple_1_default
D:5:      layout_basic, nicolae_wu_jian_wuxing_cycle, nicolae_vehumet_radiance,
          minmay_temple_entry_junction, uniq_menkaure
D:6:      minmay_razor_zed, layout_gridville

Skill      XL: |  1  2  3  4  5  6  7  8 |
---------------+-------------------------+-----
Axes           | 2 3 4 |  4.2
Fighting       | 4 5 |  5.8
Invocations    | 1 3 5 6 7 |  7.5
Maces & Flails | 1 3 4 |  4.9
Armour         | |  2.6
Shields        | |  2.6

Action                     |  1- 3 |  4- 6 |  7- 9 || total
---------------------------+-------+-------+-------++-------
  Melee: War axe           |   116 |    66 |       ||   182
         Demon whip        |       |    46 |    32 ||    78
         Unarmed           |       |       |    22 ||    22
  Evoke: Wand              |       |       |     1 ||     1
    Use: Scroll            |       |     7 |     1 ||     8
         Potion            |       |     4 |       ||     4
 Armour: Scale mail        |    95 |    64 |    24 ||   183
         Skin              |       |    14 |     7 ||    21
  Dodge: Dodged            |    59 |    34 |    14 ||   107
  Block: Buckler           |    38 |    28 |     3 ||    69
   Form: Flux              |       |       |     1 ||     1

Table legend: (Time is in decaauts)
 A = Elapsed time spent in this place.
 B = Non-inter-level travel time spent in this place.
 C = Inter-level travel time spent in this place.
 D = Time resting spent in this place.
 E = Time spent auto-exploring this place.
 F = Levels seen in this place.
 G = Mean time per level.
                   A        B        C        D        E       F      G
               +--------+--------+--------+--------+--------+-----+--------+
         Total |   4944 |   4758 |    186 |     32 |   3980 |   6 |  824.0 |
       Dungeon |   4944 |   4758 |    186 |     32 |   3980 |   6 |  824.0 |
               +--------+--------+--------+--------+--------+-----+--------+

Top non-repeatable levels by time:
     D:3: 1104 daAuts
     D:5: 1059 daAuts
     D:2: 926 daAuts
     D:1: 840 daAuts
     D:4: 645 daAuts
     D:6: 368 daAuts
